 Dungeon Crawl Stone Soup version 0.25-a0-576-g50b708a4c4 (webtiles) character file.

Game seed: 15412550047889706731, levelgen mode: deterministic

73398 Flugslaktarn the Severer (level 14, 0/133 HPs)
             Began as a Deep Dwarf Fighter on Mar 1, 2020.
             Was an Elder of Makhleb.
             Slain by a shock serpent (10 damage)
             ... on level 1 of the Snake Pit.
             The game lasted 00:12:10 (12679 turns).

Flugslaktarn the Severer (Deep Dwarf Fighter)      Turns: 12679, Time: 00:12:10

Health: 0/133      AC: 24    Str: 24    XL:     14   Next: 56%
Magic:  0/0        EV: 12    Int: 10    God:    Makhleb [****..]
Gold:   770        SH: 17    Dex: 15    Spells: 13/13 levels left

rFire    . . .     SeeInvis .   g - +2 broad axe (vorpal)
rCold    . . .     Gourm    .   S - +1 kite shield
rNeg     + . .     Faith    .   D - +0 swamp dragon scales
rPois    +         Spirit   .   M - +1 hat
rElec    .         Reflect  +   J - +2 cloak
rCorr    .         Harm     .   R - +2 pair of gloves {Dex+3}
MR       ++...                  x - +1 pair of boots
Stlth    +.........             j - +3 amulet of reflection
HPRegen  0.00/turn              v - +2 ring of evasion
MPRegen  0.07/turn              p - +3 ring of protection

@: mighty, non-regenerating
A: damage resistance, heal wounds, negative energy resistance 1, sense
surroundings 2, no regeneration
}: 1/15 runes: decaying
a: Heal Wounds, Minor Destruction, Lesser Servant of Makhleb, Major Destruction,
Renounce Religion


You were on level 1 of the Snake Pit.
You worshipped Makhleb.
Makhleb was greatly pleased with you.
You were very hungry.

You visited 5 branches of the dungeon, and saw 21 of its levels.
You also visited: Ossuary.

You collected 1002 gold pieces.
You spent 232 gold pieces at shops.

Inventory:

Hand Weapons
 a - a +2 war axe of freezing
 f - a +0 hand axe of draining
   (You took it off an orc on level 5 of the Dungeon)
 g - a +2 vorpal broad axe (weapon)
   (You acquired it on level 9 of the Dungeon)
Missiles
 k - a throwing net (quivered)
Armour
 u - a +0 plate armour
   (You took it off an orc warrior on level 8 of the Dungeon)
 x - a +1 pair of boots (worn)
   (You found it on level 6 of the Dungeon)
 D - +0 swamp dragon scales (worn)
   (You found it on level 2 of the Swamp)
 F - a +0 hat of see invisible
   (You took it off Gastronok on level 8 of the Dungeon)
 J - a +2 cloak (worn)
   (You found it on level 3 of the Lair of Beasts)
 M - a +1 hat (worn)
   (You found it on level 5 of the Lair of Beasts)
 R - a +2 pair of gloves of dexterity (worn)
   (You found it on level 6 of the Lair of Beasts)
 S - a +1 kite shield (worn)
Jewellery
 c - an uncursed ring of protection from cold
   (You found it on level 5 of the Dungeon)
 i - an uncursed ring of see invisible
   (You found it on level 6 of the Lair of Beasts)
 j - a +3 amulet of reflection (around neck)
   (You found it on level 2 of the Dungeon)
 m - an uncursed ring of protection from magic
   (You found it in an ossuary)
 p - a +3 ring of protection (right hand)
   (You found it on level 4 of the Dungeon)
 v - a +2 ring of evasion (left hand)
   (You found it on level 5 of the Lair of Beasts)
Wands
 K - a wand of clouds (4)
   (You found it on level 3 of the Lair of Beasts)
 P - a wand of digging (8)
   (You took it off an orc priest on level 4 of the Dungeon)
Scrolls
 b - 4 scrolls of enchant armour
 o - 6 scrolls of remove curse
 r - 2 scrolls of identify
 t - 3 scrolls of teleportation
 z - a scroll of blinking
 G - a scroll of summoning
 N - a scroll of fog
 O - 2 scrolls of fear
Potions
 d - 3 potions of might
 h - 2 potions of haste
 l - 2 potions of stabbing
 n - a potion of resistance
 q - 4 potions of curing
 s - a potion of cancellation {unknown}
 w - a potion of heal wounds
 A - 2 potions of lignification {unknown}
 C - 3 potions of brilliance {unknown}
 E - 4 potions of invisibility
 H - a potion of berserk rage {unknown}
Comestibles
 e - 22 rations


   Skills:
 + Level 10.4 Fighting
 * Level 16.2 Axes
 + Level 12.2 Armour
 + Level 12.2 Shields
 + Level 11.9 Invocations


You had 13 spell levels left.
You didn't know any spells.
Your spell library was empty.

Dungeon Overview and Level Annotations

Branches:
Dungeon (9/15)             Temple (1/1) D:7            Lair (6/6) D:8
  Swamp (4/4) Lair:3        Snake (1/4) Lair:2        Slime (0/5) Lair:5
Ossuary (visited)
    Orc: D:9-12

Altars:
Cheibriados
Dithmenos
Elyvilon
Fedhas
Gozag
Kikubaaqudgha
Makhleb
Okawaru
Qazlal
Ru
Trog
Uskayaw
Vehumet
Wu Jian
Xom
Yredelemnul

Shops:
D:4 !*((   D:7 *

Annotations:
D:4 1 runed translucent door, quik's ghost, amateur GnNe
D:7 exclusion: oklob plant
Lair:1 1 runed translucent door, Flugslaktarn's ghost, novice DDFi
Swamp:3 1 runed translucent door
Swamp:4 Roxanne


Innate Abilities, Weirdness & Mutations

You are resistant to damage.
You can heal yourself by infusing magical energy.
You resist negative energy. (rN+)
You passively map the area around you.
You do not regenerate.


Message History

Aim: a shock serpent You create a blast of noxious fumes!
The shock serpent is engulfed in noxious fumes.
The shock serpent shoots out a bolt of lightning at you!
The bolt of electricity hits you!!
* * * LOW HITPOINT WARNING * * *
The shock serpent is engulfed in noxious fumes.
Unknown command.
The shock serpent is engulfed in noxious fumes.
The shock serpent appears confused.
The shock serpent is engulfed in noxious fumes.
The shock serpent appears confused.
The shock serpent is engulfed in noxious fumes.
The shock serpent appears confused.
Found 18 arrows.
The shock serpent is engulfed in noxious fumes.
The shock serpent appears confused.
The shock serpent bites you!
* * * LOW HITPOINT WARNING * * *
The shock serpent shocks you!
You die...

...)##(....... , , *
...###..#...###.... * * * *
..####.###.## #... ,
#..##..# #.# #..# , * *
##..#.####.####..# # * *
#........./.#..###.###
#....####............. ,, ,
#..#..###.............
*#...##....#....@§§.....,
..##......###.[§S§§..... *
,
#...#......##..§§§§.....,,,
* *
##..............##§...(.
#.####.#..###..# #..... , #
#.###. ##.#*,..... * * #.#
.. ...,, .... ,, ,, ,**#.
*.####.. ...# * * * *, *
... * * *


You could see a shock serpent (confused).

Vanquished Creatures
  Gastronok (D:8)
  Josephine (Lair:4)
  13 hydras
  A ghost crab (Swamp:4)
  2 shambling mangroves (Swamp:4)
  A catoblepas (Lair:6)
  3 alligators (Swamp:2)
  2 death yaks (Lair:6)
  A queen ant (Lair:3)
  Erica (Lair:1)
  2 two-headed ogres
  A naga sharpshooter (Snake:1)
  A shock serpent (Snake:1)
  A spriggan druid (Swamp:4)
  12 swamp dragons
  A salamander (Snake:1)
  A centaur zombie (D:9)
  8 elephants
  2 naga magi (Snake:1)
  3 black mambas
  10 spiny frogs
  Maggie (D:7)
  4 komodo dragons
  A rime drake (Lair:2)
  5 hornets
  6 tyrant leeches
  A polar bear (Lair:3)
  Prince Ribbit (D:8)
  13 slime creatures
  5 blink frogs (Lair:4)
  3 hippogriffs
  6 bog bodies
  A spriggan (Swamp:4)
  A shadow (Swamp:2)
  3 wraiths (Lair:4)
  19 yaks
  3 wyverns
  A basilisk (Lair:4)
  Menkaure (D:5)
  Edmund (D:5)
  2 swamp worms (Swamp:4)
  7 insubstantial wisps
  Duvessa (D:5)
  9 porcupines
  6 soldier ants (Lair:3)
  18 water moccasins
  6 swamp drakes
  2 sky beasts
  An ice beast (D:9)
  5 orc warriors
  A phantom (D:8)
  2 black bears
  3 ogres
  A centaur (D:6)
  10 wolves
  9 crocodiles
  A big kobold (D:8)
  Blork the orc (D:6)
  4 bullfrogs
  Dowan (D:5)
  4 water moccasin zombies (Ossuary)
  4 scorpions
  3 killer bees (D:5)
  11 wights
  A howler monkey (D:5)
  5 crimson imps
  A bullfrog zombie (D:6)
  10 orc wizards
  3 orc priests
  5 hounds
  3 bullfrog skeletons
  5 iguanas
  27 worker ants
  4 big kobold zombies (Ossuary)
  A hound skeleton (D:6)
  2 mummies (Ossuary)
  5 gnolls
  A howler monkey skeleton (D:8)
  12 adders
  A shadow imp (D:5)
  An ooze (D:6)
  6 adder zombies
  2 adder skeletons
  2 worms (D:6)
  2 dart slugs (D:1)
  2 leopard geckos
  31 orcs
  3 ball pythons
  4 bats
  5 giant cockroaches
  3 gnoll zombies (Ossuary)
  2 goblins
  3 hobgoblins
  16 jackals
  10 kobolds
  5 quokkas
  6 hobgoblin zombies (Ossuary)
  3 kobold zombies (Ossuary)
  5 orc zombies (Ossuary)
  A quokka skeleton (D:7)
  6 rats
  3 fungi
  2 plants (Lair:6)
465 creatures vanquished.

Vanquished Creatures (collateral kills)
  2 hydras
  A deep troll shaman (Lair:6)
  A black mamba (Lair:5)
  2 bog bodies (Swamp:4)
  A water moccasin (Lair:5)
  2 swamp drakes (Swamp:4)
  A fungus (Lair:5)
10 creatures vanquished.

Vanquished Creatures (others)
  A centaur (D:5)
  4 fungi
  6 plants
11 creatures vanquished.

Grand Total: 486 creatures vanquished

Notes
Turn   | Place    | Note
-------+----------+-------------------------------------------
     0 | D:1      | Flugslaktarn the Deep Dwarf Fighter began the quest for the
                  | Orb.
     0 | D:1      | Reached XP level 1. HP: 20/20 MP: 1/1
   102 | D:1      | Reached XP level 2. HP: 24/27 MP: 2/2
   117 | D:1      | Reached skill level 3 in Axes
   174 | D:1      | Reached XP level 3. HP: 33/33 MP: 3/3
   469 | D:4      | Found Yrasois's Weapon Shop.
   485 | D:4      | Found a sand-covered staircase.
   494 | Ossuary  | Entered an ossuary
   532 | Ossuary  | Reached XP level 4. HP: 27/42 MP: 3/3
   533 | Ossuary  | Reached skill level 4 in Axes
   533 | Ossuary  | Reached XP level 5. HP: 32/49 MP: 4/4
   595 | Ossuary  | Reached XP level 6. HP: 36/57 MP: 5/5
   660 | Ossuary  | Reached skill level 5 in Axes
  1175 | D:4      | Found Peted's Assorted Antiques.
  1183 | D:4      | Bought a scroll labeled LICOXIRCH AHES for 25 gold pieces
  1183 | D:4      | Bought a scroll labeled WOOTAO CUTUGH for 25 gold pieces
  1183 | D:4      | Bought a scroll labeled XISAXATHREFFY for 25 gold pieces
  1304 | D:4      | Found Cery's Weapon Emporium.
  1320 | D:4      | Found a runed translucent door.
  1323 | D:4      | Noticed quik's ghost (amateur GnNe)
  1419 | D:4      | Found Yzetrow's Distillery.
  1498 | D:5      | Entered Level 5 of the Dungeon
  1523 | D:5      | Reached XP level 7. HP: 20/64 MP: 4/4
  1548 | D:5      | Reached skill level 5 in Shields
  1589 | D:5      | Reached skill level 5 in Armour
  1592 | D:5      | Noticed Duvessa
  1592 | D:5      | Noticed Dowan
  1601 | D:5      | Reached skill level 6 in Axes
  1617 | D:5      | Killed Duvessa
  1637 | D:5      | Killed Dowan
  1656 | D:5      | Noticed Edmund
  1675 | D:5      | Reached XP level 8. HP: 29/73 MP: 4/4
  1705 | D:5      | Killed Edmund
  1705 | D:5      | Reached skill level 7 in Axes
  1746 | D:5      | Found a sacrificial altar of Ru.
  1995 | D:5      | Noticed Menkaure
  2010 | D:5      | Killed Menkaure
  2010 | D:5      | Reached skill level 5 in Fighting
  2283 | D:5      | Found a shimmering altar of Xom.
  2349 | D:5      | Reached skill level 8 in Axes
  2738 | D:6      | Noticed Blork the orc
  2753 | D:6      | Killed Blork the orc
  2953 | D:6      | Found a glowing drain.
  2982 | D:6      | Gained mutation: You passively map the area around you.
                  | [Deep Dwarf growth]
  2982 | D:6      | Reached XP level 9. HP: 64/81 MP: 5/5
  3513 | D:7      | Found an ornate altar of the Wu Jian Council.
  3648 | D:7      | Reached skill level 9 in Axes
  3780 | D:7      | Noticed Maggie
  3842 | D:7      | Killed Maggie
  4025 | D:7      | Noticed an oklob plant
  4104 | D:7      | Found a staircase to the Ecumenical Temple.
  4299 | Temple   | Entered the Ecumenical Temple
  4312 | Temple   | Became a worshipper of Makhleb the Destroyer
  4386 | D:7      | Found a radiant altar of Vehumet.
  4397 | D:7      | Found a bloodstained altar of Trog.
  4474 | D:7      | Found Lemu's Assorted Antiques.
  4500 | D:7      | Bought a scroll labeled EPLAUCW OPOGOPA for 33 gold pieces
  4500 | D:7      | Bought a scroll labeled FIRRAI IJUL for 33 gold pieces
  4500 | D:7      | Bought a scroll labeled ZUHAES JIZ XUC for 33 gold pieces
  4500 | D:7      | Bought a metallic blue potion for 29 gold pieces
  4500 | D:7      | Bought an emerald potion for 29 gold pieces
  4810 | D:8      | Reached skill level 1 in Invocations
  4861 | D:8      | Noticed Gastronok
  4885 | D:8      | Killed Gastronok
  4885 | D:8      | Reached skill level 10 in Axes
  4885 | D:8      | Reached XP level 10. HP: 38/92 MP: 4/6
  5008 | D:8      | Noticed Prince Ribbit
  5008 | D:8      | Noticed a two-headed ogre
  5009 | D:8      | Found a stormy altar of Qazlal.
  5034 | D:8      | Killed a two-headed ogre
  5040 | D:8      | Reached * piety under Makhleb
  5121 | D:8      | Killed Prince Ribbit
  5121 | D:8      | Reached skill level 11 in Axes
  5276 | D:8      | Found a staircase to the Lair.
  5614 | D:9      | Noticed a two-headed ogre
  5628 | D:9      | Reached skill level 5 in Invocations
  5648 | D:9      | Killed a two-headed ogre
  5657 | D:9      | Reached ** piety under Makhleb
  5664 | D:9      | Reached XP level 11. HP: 90/100 MP: 8/8
  5776 | D:9      | Found an ornate altar of the Wu Jian Council.
  6514 | D:9      | Identified a scroll of acquirement
  6579 | Lair:1   | Entered Level 1 of the Lair of Beasts
  6622 | Lair:1   | Reached skill level 12 in Axes
  6715 | Lair:1   | Noticed Erica
  6731 | Lair:1   | Killed Erica
  6762 | Lair:1   | Found a runed translucent door.
  6930 | Lair:1   | You fall into a shaft and drop 1 floor!
  7060 | Lair:2   | Reached *** piety under Makhleb
  7192 | Lair:2   | Found a staircase to the Snake Pit.
  7689 | Lair:1   | Reached XP level 12. HP: 110/110 MP: 10/10
  7905 | Lair:1   | Noticed Flugslaktarn's ghost (novice DDFi)
  8087 | Lair:3   | Noticed a queen ant
  8090 | Lair:3   | Reached skill level 13 in Axes
  8090 | Lair:3   | Reached skill level 10 in Armour
  8092 | Lair:3   | Reached **** piety under Makhleb
  8093 | Lair:3   | Reached skill level 10 in Shields
  8107 | Lair:3   | Killed a queen ant
  8197 | Lair:3   | Found a staircase to the Swamp.
  8561 | Lair:3   | Found a shimmering altar of Xom.
  9065 | Lair:4   | Noticed Josephine
  9079 | Lair:4   | Killed Josephine
  9079 | Lair:4   | Reached skill level 14 in Axes
  9333 | Lair:4   | Reached ***** piety under Makhleb
  9612 | Lair:5   | Noticed an eight-headed hydra
  9643 | Lair:5   | Noticed a seven-headed hydra
  9646 | Lair:5   | Killed a 15-headed hydra
  9655 | Lair:5   | Killed a ten-headed hydra
  9819 | Lair:5   | Found a staircase to the Slime Pits.
 10002 | Lair:5   | Noticed a seven-headed hydra
 10008 | Lair:5   | Reached XP level 13. HP: 82/121 MP: 12/12
 10357 | Lair:6   | Entered Level 6 of the Lair of Beasts
 10788 | Lair:6   | Reached skill level 10 in Invocations
 11175 | Snake:1  | Entered Level 1 of the Snake Pit
 11229 | Swamp:1  | Entered Level 1 of the Swamp
 11540 | Swamp:2  | Reached skill level 15 in Axes
 11763 | Swamp:3  | Found a runed translucent door.
 11795 | Swamp:4  | Entered Level 4 of the Swamp
 11795 | Swamp:4  | Noticed Roxanne
 11988 | Swamp:4  | Reached skill level 10 in Fighting
 11988 | Swamp:4  | Gained mutation: You resist negative energy. (rN+) [Deep
                  | Dwarf growth]
 11988 | Swamp:4  | Reached XP level 14. HP: 62/132 MP: 8/8
 12054 | Swamp:4  | Noticed an Executioner
 12222 | Swamp:4  | HP: 2/132 [swamp dragon/exploding inner flame[the player
                  | character] (15)]
 12278 | Swamp:4  | Reached skill level 16 in Axes
 12384 | Swamp:4  | Got a decaying rune of Zot
 12478 | Swamp:3  | Identified the +4 trident "Mudouzec" {freeze, rC+ MR+ Str-4
                  | Int+4}
 12638 | Snake:1  | HP: 4/133 [shock serpent (7)]
 12679 | Snake:1  | Slain by a shock serpent

Levels and vault maps discovered:
D:1:      heliophobic_arrival_enchanted_forest, layout_rooms, minmay_vboxes
D:2:      layout_basic, zin_purify
D:3:      layout_rooms, old_standard_altar, first_ration,
          minmay_misc_feat_square, trog_book, uniq_ijyb
D:4:      layout_loops_corners, serial_shops,
          nicolae_shop_temple_entry_statues_fountains, nicolae_shop_stone,
          nicolae_shop_competitors_out_of_business, shop,
          lightli_ossuary_entry_decrepit_ruins, ebering_ghost_reflecting_pool,
          kennysheep_generic_room_7
D:5:      layout_gridville, marbit_many_paths,
          nicolae_ru_great_annihilating_truth, minmay_misc_feat_columns,
          uniq_edmund, uniq_duvessa, uniq_menkaure
D:6:      layout_basic, cheibrodos_sewer_entry_bend, minmay_liquid_box,
          minmay_hedge_maze, dk_noncrumbling_2, uniq_blork_the_orc
D:7:      layout_basic, amethyst_overflow_temple_binary,
          minmay_temple_entry_poolview, serial_shops, shop, lemuel_oklob_altar,
          uniq_maggie
D:8:      layout_basic, lemuel_crystal_altar, dpeg_oklobed_lair, uniq_gastronok,
          uniq_prince_ribbit1
D:9:      layout_basic, nicolae_overflow_crystal_walls
Temple:   eino_temple_lava
Lair:1:   layout_long_grid, ebering_ghost_inner_flame, uniq_erica
Lair:2:   layout_roguey, minmay_snake_entry_six_corridors, grunt_megastairs_2
Lair:3:   layout_cave_pods, swamp_mist, basic_altar, zaba_antful_of_joy
Lair:4:   layout_misc_corridors, st_stairs_7, uniq_josephine
Lair:5:   layout_regular_city, slime_dummy, grunt_megastairs_1,
          infiniplex_staircase_pool_2
Lair:6:   grunt_lair_end_beastmaster, layout_hall_layers
Swamp:1:  layout_basic_swamp, evilmike_swamp_ruin_rubble_1, uniq_jorgrun,
          uniq_kirke, uniq_donald
Swamp:2:  layout_basic_swamp, hangedman_swamp_cone
Swamp:3:  layout_basic_swamp, ebering_ghost_funeral_grove,
          nicolae_swamp_dense_foliage, infiniplex_staircase_pool
Swamp:4:  swamp_alternative, layout_basic_swamp, uniq_roxanne
Snake:1:  dpeg_oklob_gauntlet, layout_layer_cave, minmay_shoptagon

Skill      XL: |  1  2  3  4  5  6  7  8  9 10 11 12 13 14 |
---------------+-------------------------------------------+-----
Axes           | 3 4 5 6 8 10 11 12 14 15 16 | 16.2
Fighting       | 3 4 5 6 7 8 9 10 | 10.4
Shields        | 4 5 6 8 9 10 11 12 | 12.2
Armour         | 4 5 6 8 9 10 11 12 | 12.2
Invocations    | 3 5 7 9 11 | 11.9

Action                   |  1- 3 |  4- 6 |  7- 9 | 10-12 | 13-15 || total
-------------------------+-------+-------+-------+-------+-------++-------
Melee: War axe           |   114 |   129 |   232 |   209 |       ||   684
       Hand axe          |       |       |   327 |       |       ||   327
       Broad axe         |       |       |       |   389 |   481 ||   870
Invok: Lesser Servant of |       |       |       |     7 |    11 ||    18
       Greater Servant o |       |       |       |       |     2 ||     2
 Abil: Heal Wounds       |     2 |     4 |    30 |    20 |    41 ||    97
Evoke: Wand              |       |       |       |     3 |    16 ||    19
  Use: Scroll            |       |     7 |     9 |     7 |     9 ||    32
       Potion            |       |     4 |       |       |     7 ||    11
 Stab: Distracted        |       |       |       |     2 |     1 ||     3
       Petrified         |       |       |       |       |     1 ||     1
  Eat: Chunk             |       |     1 |     4 |    16 |     2 ||    23
       Ration            |       |       |     3 |       |     2 ||     5
Armor: Scale mail        |    63 |    49 |   151 |    18 |       ||   281
       Plate armour      |       |       |       |   390 |   164 ||   554
       Swamp dragon scal |       |       |       |       |   428 ||   428
Dodge: Dodged            |    59 |    53 |   132 |   155 |   382 ||   781
Block: Kite shield       |   102 |   110 |   414 |   583 |   694 ||  1903
       Reflection        |       |       |     4 |       |     9 ||    13

Table legend:
 A = Non-vault XP
 B = Vault XP
 C = Vault XP percentage of total XP
 D = Non-vault monster count
 E = Vault monster count
 F = Vault count percentage of total count
                 A         B        C        D         E       F
            +---------+---------+-------+---------+---------+-------
      Total |   52559 |   33724 |  39.1 |     324 |     146 |  31.1
            +---------+---------+-------+---------+---------+-------
        D:1 |      28 |      27 |  49.1 |      15 |       7 |  31.8
        D:2 |      23 |       0 |   0.0 |       7 |       0 |   0.0
        D:3 |       4 |       0 |   0.0 |       2 |       0 |   0.0
        D:4 |     128 |       2 |   1.5 |       7 |       1 |  12.5
        D:5 |    1024 |     626 |  37.9 |      28 |       8 |  22.2
        D:6 |     541 |     109 |  16.8 |      13 |       3 |  18.8
        D:7 |     773 |     389 |  33.5 |      20 |       1 |   4.8
        D:8 |    2634 |    2404 |  47.7 |      45 |       2 |   4.3
        D:9 |    2763 |       0 |   0.0 |      34 |       0 |   0.0
     Lair:1 |    6145 |     876 |  12.5 |      29 |       1 |   3.3
     Lair:2 |    1321 |    2384 |  64.3 |      11 |      17 |  60.7
     Lair:3 |    5145 |    2580 |  33.4 |      18 |      30 |  62.5
     Lair:4 |    3596 |    1805 |  33.4 |      15 |       5 |  25.0
     Lair:5 |    2272 |     991 |  30.4 |       8 |       2 |  20.0
     Lair:6 |    1257 |    6385 |  83.6 |       8 |      15 |  65.2
    Swamp:1 |    3355 |       0 |   0.0 |      16 |       0 |   0.0
    Swamp:2 |    8964 |       0 |   0.0 |      21 |       0 |   0.0
    Swamp:3 |    1755 |       0 |   0.0 |       4 |       0 |   0.0
    Swamp:4 |    7726 |   14666 |  65.5 |      18 |      24 |  57.1
    Snake:1 |    3105 |       0 |   0.0 |       5 |       0 |   0.0
    Ossuary |       0 |     480 | 100.0 |       0 |      30 | 100.0
            +---------+---------+-------+---------+---------+-------
